 Dungeon Crawl Stone Soup version 0.29-a0-1008-g949cc1d0fb (webtiles) character file.

Game seed: 8635183573709290563

177 vurker the Shooter (level 5, -1/46 HPs)
             Began as a Minotaur Hunter on Aug 7, 2022.
             Succumbed to a scorpion's poison
             ... on level 3 of the Dungeon.
             The game lasted 00:03:36 (3067 turns).

vurker the Shooter (Minotaur Hunter)                Turns: 3067, Time: 00:03:37

Health: -1/46      AC:  7    Str: 17    XL:     5   Next: 30%
Magic:  4/4        EV: 11    Int:  6    God:
Gold:   135        SH:  0    Dex: 14    Spells: 4/4 levels left

rFire   . . .      SeeInvis .   a - +0 shortbow
rCold   . . .      Faith    .   (shield currently unavailable)
rNeg    . . .      Spirit   .   e - +1 ring mail {rPois}
rPois   +          Reflect  .   (helmet restricted)
rElec   .          Harm     .   (no cloak)
rCorr   .          Rampage  .   n - +0 pair of gloves
Will    .....                   (no boots)
Stlth   +.........              (no amulet)
HPRegen 0.15/turn               (no ring)
MPRegen 0.09/turn               (no ring)

@: lethally poisoned (-1 -> -11)
A: horns 2, retaliatory headbutt
a: no special abilities


You were on level 3 of the Dungeon.
You visited 1 branch of the dungeon, and saw 4 of its levels.

You collected 135 gold pieces.

Inventory:

Hand Weapons
 a - a +0 shortbow (weapon)
Armour
 e - a +1 ring mail of poison resistance (worn)
   (You found it on level 1 of the Dungeon)
 n - a +0 pair of gloves (worn)
   (You found it on level 3 of the Dungeon)
Jewellery
 g - a ring of poison resistance
   (You found it on level 2 of the Dungeon)
Scrolls
 b - 2 scrolls of immolation
Potions
 c - a potion of mutation
 h - 2 potions of haste
 i - a potion of might
 j - a potion of resistance
 o - a potion of heal wounds {unknown}


   Skills:
 + Level 4.2 Fighting
 * Level 6.5 Ranged Weapons
 - Level 2.1 Dodging
 - Level 0.7 Stealth


You had 4 spell levels left.
You didn't know any spells.
Your spell library contained the following spells:

 Spells                   Type           Power      Damage    Failure   Level
 Ensorcelled Hibernation  Hex/Ice        0%         N/A       80%         2
 Passwall                 Tmut/Erth      0%         N/A       80%         2
 Frozen Ramparts          Ice            0%         1d1       95%         3
 Swiftness                Air            0%         N/A       95%         3
 Ice Form                 Ice/Tmut       0%         N/A       100%        4
 Summon Ice Beast         Ice/Summ       0%         N/A       100%        4


Dungeon Overview and Level Annotations

Branches:
Dungeon (4/15)
 Temple: D:4-7

Altars:

Annotations:
D:3 3 runed translucent doors, stazo's ghost, amateur DsFi


Innate Abilities, Weirdness & Mutations

You have a pair of horns on your head.
You reflexively headbutt those who attack you in melee.


Message History

You shoot an arrow.
The arrow hits the scorpion but does no damage.
The scorpion closely misses you. You furiously retaliate!
You headbutt the scorpion.
The dart slug bites you but does no damage.
The scorpion stings you but does no damage.
Fire: a) +0 shortbow
Aim: a scorpion (heavily wounded, 64% to hit)
You shoot an arrow. The arrow hits the scorpion.
The scorpion closely misses you. The dart slug barely misses you.
You aren't carrying any items that you can evoke.
Fire: a) +0 shortbow
Aim: a scorpion (heavily wounded, 64% to hit)
You shoot an arrow.
The arrow hits the scorpion but does no damage.
The scorpion stings you but does no damage.
The scorpion barely misses you. The dart slug barely misses you.
Fire: a) +0 shortbow
Aim: a scorpion (heavily wounded, 64% to hit)
You shoot an arrow. The arrow closely misses the scorpion.
The scorpion closely misses you. The dart slug launches a dart at you.
The slug dart hits you but does no damage.
Fire: a) +0 shortbow
Aim: a scorpion (heavily wounded, 64% to hit)
You shoot an arrow. The arrow closely misses the scorpion.
The scorpion stings you but does no damage.
The scorpion barely misses you. The dart slug completely misses you.
Fire: a) +0 shortbow
Aim: a scorpion (heavily wounded, 64% to hit)
You shoot an arrow.
The arrow hits the scorpion but does no damage.
The scorpion stings you.
* * * LOW HITPOINT WARNING * * *
You are lethally poisoned!
The scorpion poisons you!
The dart slug bites you but does no damage.
Fire: a) +0 shortbow
Aim: a scorpion (heavily wounded, 64% to hit)
You shoot an arrow. The arrow hits the scorpion.
* * * LOW HITPOINT WARNING * * *
You feel very sick. The scorpion stings you.
* * * LOW HITPOINT WARNING * * *
The scorpion stings you.
* * * LOW HITPOINT WARNING * * *
Fire: a) +0 shortbow
Aim: a scorpion (almost dead, 64% to hit)
You shoot an arrow. The arrow hits the scorpion.
You die...

.# #####.## ##.##.# .#
##.###..##.# .#
###.#.#.##.# .#
###..........#
.#########.....#.....##
........##.#.#.#.#.#.#
.#...................#
##.####.##.#.#.#w#.#.#
##.# #.##.....s@....#
.#.# ##.##[#.#######.#
...# #.........# #.# .###
#.........# #.# .#
#.........# ##.##
.#####.........# ##...##
...............###.###.##
.##..#.........##.## ##.#
...............##.# #.#


You could see a scorpion and a dart slug.

Vanquished Creatures
  A hound (D:4)
  An orc wizard (D:3)
  3 adders
  4 worms (D:3)
  A dart slug (D:1)
  11 orcs
  3 endoplasms
  4 giant cockroaches
  3 hobgoblins
  4 jackals (D:2)
  2 quokkas
  8 ball pythons
  5 bats
  5 frilled lizards
  7 goblins
  3 kobolds
  9 rats
74 creatures vanquished.

Notes
Turn   | Place    | Note
-------+----------+-------------------------------------------
     0 | D:1      | vurker the Minotaur Hunter began the quest for the Orb.
     0 | D:1      | Reached XP level 1. HP: 18/18 MP: 0/0
   107 | D:1      | Found a faded altar of an unknown god.
   222 | D:1      | Reached XP level 2. HP: 23/25 MP: 1/1
   601 | D:1      | Reached skill level 5 in Ranged Weapons
   954 | D:2      | Reached XP level 3. HP: 31/31 MP: 2/2
  1534 | D:3      | Reached XP level 4. HP: 13/38 MP: 3/3
  1772 | D:3      | Noticed stazo's ghost (amateur DsFi)
  1775 | D:3      | Found a runed translucent gate.
  1775 | D:3      | Found a runed translucent gate.
  1779 | D:3      | Found a runed translucent gate.
  1901 | D:3      | Reached skill level 6 in Ranged Weapons
  2674 | D:4      | Reached XP level 5. HP: 38/46 MP: 4/4
  3066 | D:3      | HP: 2/46 [scorpion (1)]
  3067 | D:3      | Succumbed to a scorpion's poison

Illustrated notes

Levels and vault maps discovered:
D:1:      lightli_molten_gateway, layout_loops_ring,
          hellmonk_ecumenical_altar_arch_garden
D:2:      layout_basic
D:3:      layout_loops_ring, gup_sewer_entry_bubbles, gammafunk_ghost_split
D:4:      layout_rooms, uniq_edmund

Skill      XL: |  1  2  3  4 |
---------------+-------------+-----
Fighting       | 3 4 |  4.2
Ranged Weapons | 5 6 |  6.5
Dodging        | |  2.1
Stealth        | |  0.7

Action                   |  1- 3 |  4- 6 || total
-------------------------+-------+-------++-------
 Fire: Shortbow          |   110 |    97 ||   207
  Use: Scroll            |     3 |     7 ||    10
       Potion            |       |     1 ||     1
Armor: Ring mail         |    17 |    35 ||    52
Dodge: Dodged            |    26 |    61 ||    87

Table legend: (Time is in decaauts)
 A = Elapsed time spent in this place.
 B = Non-inter-level travel time spent in this place.
 C = Inter-level travel time spent in this place.
 D = Time resting spent in this place.
 E = Time spent auto-exploring this place.
 F = Levels seen in this place.
 G = Mean time per level.
                   A        B        C        D        E       F      G
               +--------+--------+--------+--------+--------+-----+--------+
         Total |   3160 |   3060 |    100 |    327 |   2184 |   4 |  790.0 |
       Dungeon |   3160 |   3060 |    100 |    327 |   2184 |   4 |  790.0 |
               +--------+--------+--------+--------+--------+-----+--------+

Top non-repeatable levels by time:
     D:3: 1652 daAuts
     D:1: 867 daAuts
     D:2: 568 daAuts
     D:4: 71 daAuts
